 Dungeon Crawl Stone Soup version 0.20-a0-1086-g4bd2f5b (webtiles) character file.

8120 Angani the Fighter (level 11, -3/91 HPs)
             Began as a Merfolk Gladiator on May 1, 2017.
             Was a High Priest of Okawaru.
             Slain by a death yak (20 damage)
             ... on level 8 of the Dungeon.
             The game lasted 00:21:42 (11487 turns).

Angani the Fighter (Merfolk Gladiator)             Turns: 11487, Time: 00:21:43

Health: -3/91      AC: 14    Str: 14    XL:     11   Next: 25%
Magic:  17/18      EV: 22    Int:  7    God:    Okawaru [*****.]
Gold:   412        SH:  0    Dex: 20    Spells: 10/10 levels left

rFire    . . .     SeeInvis .   q - +0 glaive
rCold    . . .     Gourm    .   (shield currently unavailable)
rNeg     . . .     Faith    .   N - +0 swamp dragon scales
rPois    +         Spirit   .   c - +0 helmet
rElec    .         Reflect  .   H - +0 cloak
rCorr    .         Harm     .   e - +0 pair of gloves
MR       .....                  (no boots)
Stlth    +++.......             (no amulet)
Regen    0.3/turn               B - ring of wizardry
MPRegen  0.2/turn               (no ring)

@: heroism
A: change form in water, swift swim, stealthy swim
a: Heroism, Finesse, Renounce Religion


You were on level 8 of the Dungeon.
You worshipped Okawaru.
Okawaru was extremely pleased with you.
You were hungry.

You visited 1 branch of the dungeon, and saw 9 of its levels.
You also visited: Sewer.

You collected 412 gold pieces.

Inventory:

Hand Weapons
 q - a +0 glaive (weapon)
 K - a +0 trident
Missiles
 d - 3 throwing nets (quivered)
 h - 4 steel javelins
Armour
 a - +0 storm dragon scales
 c - a +0 helmet (worn)
 e - a +0 pair of gloves (worn)
 H - a +0 cloak (worn)
 N - +0 swamp dragon scales (worn)
Jewellery
 s - an uncursed ring of fire
 B - a ring of wizardry (left hand)
Wands
 m - a wand of paralysis (10/24)
 r - a wand of confusion (25/48)
 v - a wand of paralysis (8/24)
 E - a wand of lightning (4/15)
 J - a wand of paralysis (13/24)
 L - a wand of lightning (7/15)
Scrolls
 b - a scroll of noise
 g - 2 scrolls of remove curse
 i - a scroll of recharging
 o - a scroll of teleportation
 p - a scroll of immolation {unknown}
 t - 3 scrolls of fog {unknown}
 w - a scroll of random uselessness
 x - 3 scrolls of enchant weapon {unknown}
 y - a scroll of amnesia {unknown}
 A - 2 scrolls of silence {unknown}
 C - a scroll of fear {unknown}
Potions
 j - 5 potions of lignification
 k - a potion of resistance
 z - a potion of ambrosia
 D - 2 potions of curing
 F - a potion of heal wounds
 G - a potion of brilliance {unknown}
Comestibles
 f - 9 bread rations
 l - 3 meat rations
 n - 4 royal jellies
 u - 8 fruits


   Skills:
 - Level 10.2(15.2) Fighting
 - Level 10.1(15.1) Polearms
 - Level 2.0(7.0) Throwing
 - Level 5.0(10.0) Armour
 - Level 10.0(15.0) Dodging
 + Level 9.4 Invocations


You had 10 spell levels left.
You didn't know any spells.

Dungeon Overview and Level Annotations

Branches:
Dungeon (9/15)             Temple (0/1) D:7
   Lair: D:8-11         Orc: D:9-12

Altars:
Dithmenos
Gozag
Okawaru
Qazlal
Vehumet

Shops:
D:7 }


Message History

You hit the death yak.
The death yak is lightly wounded.
The death yak gores you!
You slash the death yak!
The death yak is moderately wounded.
The death yak gores you!
You hit the death yak but do no damage.
The death yak is moderately wounded.
The death yak gores you!
You hit the death yak but do no damage.
The death yak is moderately wounded.
The death yak completely misses you.
You slash the death yak!
The death yak is heavily wounded.
The death yak gores you!!
* * * LOW HITPOINT WARNING * * *
You hit the death yak.
The death yak is heavily wounded.
The death yak gores you!!
You die...

.# #.........#..######.###### .#
###.................##....
.##########.....####...##..##.###
.#......# ##...## #.###)#........
##.####.# ##.## #.#............
#.# #.# #.#####.#[#.##.##.### #.#
#.# #........)>....##.#
#.####.### #########)#######.#
##........# #..@Y...#........#
......###.####.######.#########
#.....# #......######.#
......###.............#
#.........#############
###...##### #...# #####


You could see a death yak.

Vanquished Creatures
  4 two-headed ogres
  A death yak (D:9)
  Joseph (D:8)
  Maurice (D:8)
  2 yaks
  A hungry ghost (D:7)
  A steam dragon (D:8)
  A wyvern (D:6)
  A water moccasin (D:8)
  The ghost of StormFighter the Sneak, an amateur SpEn (D:4)
  2 sky beasts
  A black bear (D:7)
  4 orc warriors
  2 ogres (D:6)
  3 centaurs
  2 phantoms
  A crocodile (D:8)
  Blork the orc (D:5)
  A big kobold (D:9)
  5 bullfrogs
  2 gnoll sergeants
  A wyvern skeleton (D:7)
  A scorpion (D:5)
  3 crimson imps
  2 bullfrog zombies
  3 hounds
  A jelly (D:9)
  7 orc priests
  3 iguanas
  2 bullfrog skeletons (D:9)
  A gnoll shaman (D:7)
  Ijyb (D:5)
  7 orc wizards
  6 worker ants
  A hound skeleton (D:4)
  2 worker ant zombies
  17 adders
  22 gnolls
  A shadow imp (D:3)
  An ooze (D:5)
  2 adder zombies
  An adder skeleton (D:6)
  4 worms
  6 dart slugs
  7 leopard geckos
  36 orcs
  4 ball pythons
  9 giant cockroaches
  12 hobgoblins
  9 jackals
  14 kobolds
  2 quokkas
  A ball python skeleton (D:4)
  7 bats
  13 frilled lizards
  12 goblins
  2 jackal skeletons (D:7)
  2 leopard gecko skeletons
  2 leopard gecko zombies
  2 quokka skeletons
  7 rats
274 creatures vanquished.

Notes
Turn   | Place    | Note
-------+----------+-------------------------------------------
     0 | D:1      | Angani the Merfolk Gladiator began the quest for the Orb.
     0 | D:1      | Reached XP level 1. HP: 16/16 MP: 1/1
    47 | D:1      | Reached skill level 5 in Polearms
    51 | D:1      | Reached XP level 2. HP: 14/22 MP: 2/2
   354 | D:1      | Reached XP level 3. HP: 26/27 MP: 3/3
  1023 | D:2      | Reached XP level 4. HP: 33/33 MP: 4/4
  1316 | D:2      | Found a stormy altar of Qazlal.
  1946 | D:3      | Reached XP level 5. HP: 35/38 MP: 5/5
  2190 | D:3      | Found a faded altar of an unknown god.
  2298 | D:3      | Found an iron altar of Okawaru.
  2310 | D:3      | Became a worshipper of Warmaster Okawaru
  3312 | D:4      | Reached XP level 6. HP: 41/44 MP: 6/6
  3514 | D:4      | Noticed a phantom
  3538 | D:4      | Killed a phantom
  3538 | D:4      | Reached skill level 10 in Polearms
  3645 | D:4      | Noticed StormFighter's ghost (amateur SpEn)
  3656 | D:4      | Reached * piety under Okawaru
  3682 | D:4      | Reached skill level 5 in Dodging
  3698 | D:4      | Killed StormFighter's ghost
  3698 | D:4      | Reached XP level 7. HP: 15/50 MP: 7/7
  4971 | D:5      | Entered Level 5 of the Dungeon
  5053 | D:5      | Found a glowing drain.
  5073 | Sewer    | Entered a sewer
  5181 | Sewer    | Got a scorched golden amulet
  5262 | Sewer    | Reached XP level 8. HP: 51/56 MP: 8/8
  5405 | D:5      | Noticed Blork the orc
  5417 | D:5      | Killed Blork the orc
  5417 | D:5      | Reached ** piety under Okawaru
  5561 | D:5      | HP: 1/56 [gnoll sergeant/spear of freezing (4)]
  6002 | D:5      | Reached skill level 10 in Dodging
  6044 | D:5      | Noticed Ijyb
  6050 | D:5      | Paralysed by Ijyb for 5 turns
  6059 | D:5      | Paralysed by Ijyb for 7 turns
  6067 | D:5      | Killed Ijyb
  6133 | D:5      | Reached skill level 1 in Invocations
  6317 | D:5      | Identified the amulet of Gihimius {Inacc *Contam +Blink rC+ Int+3} (You found it in a sewer)
  6993 | D:6      | Noticed a wyvern
  6995 | D:6      | Killed a wyvern
  7064 | D:6      | Found a radiant altar of Vehumet.
  7131 | D:5      | Reached skill level 5 in Fighting
  7393 | D:5      | Reached XP level 9. HP: 61/69 MP: 7/10
  8499 | D:7      | Reached *** piety under Okawaru
  8507 | D:7      | Found a shadowy altar of Dithmenos.
  8620 | D:7      | Found a staircase to the Ecumenical Temple.
  8681 | D:7      | Found Pounn's Gadget Boutique.
  8697 | D:7      | Found an opulent altar of Gozag.
  8781 | D:8      | Noticed a two-headed ogre
  8792 | D:8      | Killed a two-headed ogre
  8792 | D:8      | Reached skill level 10 in Fighting
  9065 | D:8      | Reached skill level 1 in Armour
  9156 | D:8      | Noticed a two-headed ogre
  9164 | D:8      | Killed a two-headed ogre
  9164 | D:8      | Reached **** piety under Okawaru
  9164 | D:8      | Reached XP level 10. HP: 85/85 MP: 8/11
  9290 | D:8      | Noticed Maurice
  9383 | D:8      | Killed Maurice
  9405 | D:8      | Noticed Joseph
  9673 | D:8      | Killed Joseph
  9673 | D:8      | Reached skill level 5 in Armour
  9768 | D:8      | Noticed a two-headed ogre
  9773 | D:8      | Killed a two-headed ogre
  9773 | D:8      | Reached ***** piety under Okawaru
  9882 | D:8      | Received a gift from Okawaru
 10124 | D:8      | Reached skill level 5 in Invocations
 10451 | D:9      | Noticed a two-headed ogre
 10679 | D:9      | Noticed a two-headed ogre
 10689 | D:9      | Killed a two-headed ogre
 10689 | D:9      | Received a gift from Okawaru
 10689 | D:9      | Reached XP level 11. HP: 67/91 MP: 14/16
 11128 | D:9      | Noticed a death yak
 11129 | D:9      | Noticed a death yak
 11130 | D:9      | Noticed a death yak
 11162 | D:9      | Killed a death yak
 11487 | D:8      | Slain by a death yak

Vault maps used:
D:1:      minmay_arrival_four_houses
D:2:      first_bread, nicolae_qazlal_eye_of_the_storm
D:3:      lemuel_round_altar, chequers_ecumenical_altar_twisty
D:4:      minmay_bisected
D:5:      cheibrodos_sewer_entry_bend, uniq_blork_the_orc, uniq_ijyb
D:6:      cheibrodos_quashed, basic_altar
D:7:      minmay_temple_entry_nine_rooms, serial_shops, shop,
          hangedman_feature_mirror
D:8:      uniq_joseph, uniq_maurice
D:9:      dpeg_lair_monsters, grunt_ogre_cave, minmay_misc_feat_five,
          minmay_item_behind_shaft, minivault_1, nicolae_ru_awakened_eye
Sewer:    sewer_frog_island_01

Skill      XL: |  1  2  3  4  5  6  7  8  9 10 11 |
---------------+----------------------------------+-----
Polearms       | 5 6 8 9 10 | 10.1
Dodging        | 6 8 10 | 10.0
Invocations    | 2 7 9 |  9.4
Fighting       | 5 10 | 10.2
Armour         | 3 5 |  5.0
Throwing       | |  2.0

Action                   |  1- 3 |  4- 6 |  7- 9 | 10-12 || total
-------------------------+-------+-------+-------+-------++-------
Melee: Trident           |   117 |       |       |       ||   117
       Glaive            |     5 |   237 |   430 |   269 ||   941
       Tailslap          |       |       |     6 |       ||     6
Invok: Heroism           |       |       |     5 |     9 ||    14
Evoke: Wand              |       |       |     4 |       ||     4
  Use: Potion            |       |     6 |     2 |       ||     8
       Scroll            |       |       |    11 |     1 ||    12
 Stab: Sleeping          |       |       |     1 |       ||     1
       Confused          |       |       |     1 |       ||     1
       Distracted        |       |       |     1 |     1 ||     2
  Eat: Chunk             |     1 |     8 |    17 |     9 ||    35
       Fruit             |       |       |     1 |       ||     1
Armor: Leather armour    |     3 |       |       |       ||     3
       Ring mail         |    36 |    54 |   108 |     8 ||   206
       Skin              |       |    32 |       |       ||    32
       Steam dragon scal |       |       |       |    25 ||    25
       Swamp dragon scal |       |       |       |     4 ||     4
Dodge: Dodged            |    60 |   105 |   337 |   252 ||   754
